 Dungeon Crawl Stone Soup version 0.24.0-123-gd5b16e6ec5 (webtiles) character file.

Game seed: 346219977773767216, levelgen mode: deterministic

9861 Amplified the Slicer (level 11, -2/89 HPs)
             Began as a Human Wanderer on Jan 30, 2020.
             Was a Priest of Ashenzari.
             Slain by a yak (12 damage)
             ... on level 10 of the Dungeon.
             The game lasted 00:24:39 (14307 turns).

Amplified the Slicer (Human Wanderer)              Turns: 14307, Time: 00:24:39

Health: -2/89      AC:  4    Str: 14    XL:     11   Next: 82%
Magic:  12/14      EV: 14    Int: 13    God:    Ashenzari [***...]
Gold:   662        SH: 17    Dex: 19    Spells: 7/14 levels left

rFire    . . .     SeeInvis +   o - +3 short sword (elec) (curse)
rCold    . . .     Gourm    .   i - +0 large shield (curse)
rNeg     . . .     Faith    .   d - +0 robe
rPois    .         Spirit   .   m - +0 helmet (curse)
rElec    .         Reflect  .   (no cloak)
rCorr    .         Harm     .   (no gloves)
MR       .....                  w - +0 pair of boots (curse)
Stlth    +++.......             (no amulet)
HPRegen  0.24/turn              (no ring)
MPRegen  0.14/turn              (no ring)

@: agile, confusing touch, very slightly contaminated
A: no striking features
a: Curse Item, Scrying, Renounce Religion


You were on level 10 of the Dungeon.
You worshipped Ashenzari.
Ashenzari was most pleased with you.
You were hungry.

You visited 1 branch of the dungeon, and saw 10 of its levels.
You also visited: Ossuary and Bailey.

You collected 662 gold pieces.

Inventory:

Hand Weapons
 a - a +4 dagger
 b - the cursed +3 bardiche "Demonslayer" {holy, rC+}
   (You found it in a bailey)

   It has been blessed by the Shining One to cause great damage to the undead
   and demons.
   It protects you from cold.
   It has a curse placed upon it.
 e - the +9 bardiche of the Nexus {flame, +Blink}
   (You found it in a bailey)

   It has been specially enchanted to burn those struck by it, causing extra
   injury to most foes and up to half again as much damage against particularly
   susceptible opponents.
   Big, fiery blades are also staple armaments of hydra-hunters.
   It lets you blink.
 o - a cursed +3 short sword of electrocution (weapon)
Missiles
 c - 4 datura-tipped darts (quivered)
 l - 60 poisoned darts
 x - 3 atropa-tipped darts
Armour
 d - a +0 robe (worn)
 i - a cursed +0 large shield (worn)
 m - a cursed +0 helmet (worn)
 w - a cursed +0 pair of boots (worn)
Magical Staves
 k - an uncursed staff of earth
 p - an uncursed staff of summoning
Wands
 g - a wand of digging (5)
Scrolls
 h - 6 scrolls of identify
 q - 2 scrolls of teleportation
 t - 2 scrolls of remove curse
 v - 4 scrolls of amnesia
Potions
 s - 3 potions of resistance
Comestibles
 f - 9 rations


   Skills:
 * Level 9.0 Fighting
 - Level 9.2(12.0) Short Blades
 * Level 4.4 Polearms
 - Level 0.3 Throwing
 - Level 1.3 Dodging
 - Level 1.6 Stealth
 * Level 8.7(10.6) Shields
 * Level 2.2 Spellcasting
 - Level 7.9 Hexes
 - Level 2.0 Evocations


You had 7 spell levels left.
You knew the following spells:

 Your Spells              Type           Power        Failure   Level  Hunger
a - Confusing Touch       Hex            ###...       6%          1    ##.....
b - Regeneration          Chrm/Necr      #.........   99%         3    ####...
c - Blink                 Tloc           N/A          94%         2    ###....
d - Apportation           Tloc           #.....       85%         1    ##.....

Your spell library contained the following spells:

 Spells                   Type           Power        Failure   Level  Hunger
 Slow                     Hex            ###.....     10%         2    ###....
 Confuse                  Hex            ###.....     19%         3    ####...
 Animate Skeleton         Necr           N/A          85%         1    ##.....
 Magic Dart               Conj           #...         85%         1    ##.....
 Pain                     Necr           #...         85%         1    ##.....
 Sting                    Conj/Pois      #...         85%         1    ##.....
 Summon Small Mammal      Summ           #...         85%         1    ##.....
 Call Imp                 Summ           #.......     94%         2    ###....
 Poisonous Vapours        Pois/Air       #.....       94%         2    ###....
 Conjure Flame            Conj/Fire      #.......     99%         3    ####...
 Gell's Gravitas          Tloc           #.........   99%         3    ####...
 Mephitic Cloud           Conj/Pois/Air  #.......     99%         3    ####...
 Vampiric Draining        Necr           #.........   99%         3    ####...
 Animate Dead             Necr           N/A          100%        4    #####..
 Olgreb's Toxic Radiance  Pois           #.......     100%        4    #####..
 Petrify                  Tmut/Erth      #.......     100%        4    #####..
 Metabolic Englaciation   Hex/Ice        ##........   100%        5    ######.
 Venom Bolt               Conj/Pois      #.........   100%        5    ######.
 Yara's Violent Unravell  Hex/Tmut       ##........   100%        5    ######.


Dungeon Overview and Level Annotations

Branches:
Dungeon (10/15)            Temple (0/1) D:4            Lair (0/6) D:9
Ossuary (visited)          Bailey (visited)
    Orc: D:9-12

Altars:
Ashenzari
Cheibriados
Dithmenos
Fedhas
Hepliaklqana
Makhleb
Qazlal
Trog
Vehumet
Yredelemnul
Zin

Shops:
D:8 :

Annotations:
D:3 1 runed translucent door, Xerdoz's ghost, amateur OpTm
D:7 4 runed translucent doors, Crazy Yiuf; Schattenjager's ghost, novice GrFE; Sysandra's ghost, novice DECj; jf82's ghost, novice CeBe; nodrog's ghost, novice MfIE


Message History

The dream sheep struggles against the net.
You hit the dream sheep but do no damage.
The dream sheep appears confused.
You puncture the dream sheep!
The dream sheep is heavily wounded.
The yak struggles against the net.
The dream sheep struggles against the net.
You strike the helpless dream sheep from behind!
You impale the dream sheep!!
You kill the dream sheep!
The yak struggles against the net.
You closely miss the yak.
Casting: Confusing Touch (safe; 6% risk of failure)
Confirm with . or Enter, or press ? or * to list all spells.
Your hands begin to glow red.
The yak gores you!
* * * LOW HITPOINT WARNING * * *
The yak struggles against the net.
The net rips apart, and the yak comes free!
You hit the yak but do no damage. The yak gores you!
You die...

#..# #..# #$.# #..# #..#
#..# #..# #..# #..#
#..########### ...#*
*###########.............
...., ,
........................ ,
........##########..#.## *
* #######@# ##..... ##Y#
#..).. , #.Y# #.)∩). ,
*#####.############..).. ,
, ,#PP≈.≈.≈.#.............
,
,,,#P≈......#.............
, #≈≈P...%.#.............
*#P≈≈..P..##############
#.≈P%%...#


You could see 2 yaks.

Vanquished Creatures
  Harold (D:10)
  A death yak (D:9)
  An unseen horror (D:10)
  A hornet (D:8)
  2 dream sheep (D:10)
  12 orc warriors
  Sigmund (D:3)
  3 ice beasts
  3 sky beasts
  3 black bears (D:7)
  3 phantoms
  12 centaurs
  7 ogres
  3 big kobolds (D:10)
  4 bullfrogs
  3 scorpions
  3 killer bees (D:8)
  4 wights (D:7)
  4 howler monkeys
  5 crimson imps
  5 centaur zombies
  A bullfrog zombie (D:9)
  A human zombie (Ossuary)
  A jelly (D:8)
  A quasit (D:5)
  A bullfrog skeleton (D:7)
  4 orc priests
  2 hounds
  6 centaur skeletons
  An iguana (D:5)
  10 orc wizards
  10 worker ants
  4 big kobold zombies (Ossuary)
  A hound zombie (Ossuary)
  3 mummies (Ossuary)
  A howler monkey skeleton (D:4)
  A worker ant zombie (D:10)
  4 adders
  4 gnolls
  3 shadow imps
  2 adder zombies (Ossuary)
  An adder skeleton (D:7)
  4 worms
  3 dart slugs
  4 leopard geckos
  57 orcs
  4 ball pythons
  8 bats
  6 giant cockroaches
  11 goblins
  11 hobgoblins
  8 jackals
  3 frilled lizards
  A gnoll zombie (Ossuary)
  5 goblin zombies (Ossuary)
  5 hobgoblin zombies (Ossuary)
  7 jackal zombies (Ossuary)
  7 kobolds
  A leopard gecko zombie (D:8)
  An orc zombie (Ossuary)
  2 quokka zombies (Ossuary)
  5 rats
  4 rat zombies (Ossuary)
300 creatures vanquished.

Vanquished Creatures (collateral kills)
  2 gnolls
  2 orcs (D:6)
4 creatures vanquished.

Vanquished Creatures (others)
  A bullfrog (D:6)
  A gnoll (D:4)
2 creatures vanquished.

Grand Total: 306 creatures vanquished

Notes
Turn   | Place    | Note
-------+----------+-------------------------------------------
     0 | D:1      | Amplified the Human Wanderer began the quest for the Orb.
     0 | D:1      | Amplified set off with the following items: a +2 dagger, a
                  | scroll of fear, 2 potions of curing, a +0 robe, a ration
     0 | D:1      | Reached XP level 1. HP: 15/15 MP: 2/2
    70 | D:1      | Reached XP level 2. HP: 18/21 MP: 3/3
   401 | D:1      | Reached XP level 3. HP: 24/26 MP: 4/4
  1171 | D:2      | Found a shattered altar of Ashenzari.
  1174 | D:2      | Became a worshipper of Ashenzari the Shackled
  1266 | D:2      | Reached XP level 4. HP: 23/33 MP: 5/5
  1688 | D:2      | Found a burning altar of Makhleb.
  1688 | D:2      | Noticed a balrug
  1925 | D:2      | Found a stormy altar of Qazlal.
  1925 | D:2      | Found a snail-covered altar of Cheibriados.
  1974 | D:3      | Found a runed translucent door.
  1974 | D:3      | Noticed a bullfrog
  1997 | D:3      | Noticed Xerdoz's ghost (amateur OpTm)
  2042 | D:3      | Noticed Sigmund
  2048 | D:3      | Killed Sigmund
  2048 | D:3      | Reached XP level 5. HP: 40/40 MP: 6/6
  2048 | D:3      | Reached XP level 6. HP: 46/46 MP: 7/7
  2285 | D:3      | Learned a level 1 spell: Confusing Touch
  2920 | D:4      | Found a blossoming altar of Fedhas.
  3223 | D:4      | Found a staircase to the Ecumenical Temple.
  3241 | D:4      | Reached skill level 1 in Hexes
  3275 | D:4      | Reached XP level 7. HP: 42/52 MP: 8/8
  3409 | D:4      | Learned a level 3 spell: Regeneration
  3684 | D:4      | Reached * piety under Ashenzari
  4135 | D:5      | Entered Level 5 of the Dungeon
  4154 | D:5      | Reached skill level 5 in Short Blades
  4154 | D:5      | Reached XP level 8. HP: 30/60 MP: 9/9
  4881 | D:5      | Reached skill level 5 in Fighting
  5026 | D:5      | Reached XP level 9. HP: 47/68 MP: 10/10
  5478 | D:5      | Found a glowing silver altar of Zin.
  5679 | D:5      | Found a hazy altar of Hepliaklqana.
  5798 | D:5      | Reached skill level 5 in Shields
  5931 | D:6      | Found a radiant altar of Vehumet.
  6742 | D:6      | Reached ** piety under Ashenzari
  6797 | D:6      | Reached skill level 5 in Hexes
  7753 | D:7      | Found a runed translucent gate.
  7753 | D:7      | Found a runed translucent gate.
  7753 | D:7      | Found a runed translucent gate.
  7913 | D:7      | Found a runed translucent door.
  7914 | D:7      | Noticed Crazy Yiuf
  8051 | D:7      | Found a sand-covered staircase.
  8175 | Ossuary  | Entered an ossuary
  8379 | Ossuary  | Reached XP level 10. HP: 68/77 MP: 11/11
  8810 | D:7      | Reached *** piety under Ashenzari
  9192 | D:7      | Found a bloodstained altar of Trog.
  9346 | D:7      | Noticed jf82's ghost (novice CeBe)
  9346 | D:7      | Noticed Sysandra's ghost (novice DECj)
  9347 | D:7      | Noticed nodrog's ghost (novice MfIE)
  9347 | D:7      | Noticed Schattenjager's ghost (novice GrFE)
  9414 | D:8      | Found Joptoar's Book Emporium.
 10146 | D:9      | Noticed a death yak
 10147 | D:9      | Noticed a death yak
 10149 | D:9      | Noticed a death yak
 10339 | D:8      | Learned a level 2 spell: Blink
 11172 | D:8      | Found a shadowy altar of Dithmenos.
 11190 | D:8      | Found a basalt altar of Yredelemnul.
 11439 | D:9      | Learned a level 1 spell: Apportation
 11636 | D:9      | Found a staircase to the Lair.
 11636 | D:9      | Noticed a death yak
 11682 | D:9      | Killed a death yak
 11682 | D:9      | Reached XP level 11. HP: 86/86 MP: 12/12
 11743 | D:9      | Noticed a death yak
 11743 | D:9      | Noticed a death yak
 11783 | D:10     | Entered Level 10 of the Dungeon
 11815 | D:10     | Found a flagged portal.
 11836 | D:10     | Noticed Harold
 11978 | D:10     | Noticed an unseen horror
 11998 | D:10     | Killed an unseen horror
 12049 | Bailey   | Entered a bailey
 12236 | Bailey   | Reached **** piety under Ashenzari
 12638 | Bailey   | Identified the cursed +3 bardiche "Demonslayer" {holy, rC+}
 12641 | Bailey   | Identified the +9 bardiche of the Nexus {flame, +Blink}
 13352 | Bailey   | Reached skill level 1 in Spellcasting
 14174 | D:10     | Killed Harold
 14307 | D:10     | Slain by a yak

Levels and vault maps discovered:
D:1:      ncdulo_smallfort, layout_basic
D:2:      layout_basic, marbit_many_paths, gammafunk_temple_overflow_statue,
          makhleb_altar_promises_db
D:3:      layout_loops_ring, ebering_ghost_sewer_d, first_ration, uniq_sigmund
D:4:      layout_basic, lemuel_coloured_pillars_altar,
          minmay_temple_entry_statues_fountains, grunt_decor_cap
D:5:      layout_basic, nicolae_overflow_crystal_walls,
          nicolae_overflow_hidden_temple
D:6:      layout_layer_cave, kennysheep_mini_moat
D:7:      layout_basic, trog_ov_bears_minmay, gammafunk_ghost_cemetery,
          nicolae_ossuary_entry_monument, minmay_tree_intersection,
          uniq_crazy_yiuf_cottage
D:8:      layout_loops_ring, minitemple, serial_shops, shop
D:9:      layout_irregular_city, dpeg_lair_monsters
D:10:     layout_long_grid, enter_bailey_2, hangedman_ranch
          [blue_anna_fruit_fields], uniq_harold

Skill      XL: |  1  2  3  4  5  6  7  8  9 10 11 |
---------------+----------------------------------+-----
Short Blades   | 2 4 5 7 8 9 |  9.2
Fighting       | 2 3 4 5 6 8 9 |  9.0
Shields        | 2 3 4 6 7 8 |  8.7
Hexes          | 1 2 4 5 7 |  7.9
Spellcasting   | 2 |  2.2
Polearms       | |  4.4
Throwing       | |  0.3
Dodging        | |  1.3
Stealth        | |  1.6
Evocations     | |  2.0

Action                   |  1- 3 |  4- 6 |  7- 9 | 10-12 || total
-------------------------+-------+-------+-------+-------++-------
Melee: Dagger            |   131 |   188 |   473 |       ||   792
       Short sword       |       |       |    44 |   598 ||   642
Throw: Dart              |     2 |     4 |     6 |    40 ||    52
       Throwing net      |       |       |       |     2 ||     2
 Cast: Confusing Touch   |       |       |     6 |    50 ||    56
Invok: Curse Item        |       |     1 |       |     3 ||     4
Evoke: Wand              |       |     5 |    16 |       ||    21
  Use: Scroll            |     3 |     6 |     1 |    14 ||    24
       Potion            |     2 |     4 |    10 |    14 ||    30
 Stab: Sleeping          |     1 |     4 |     2 |     3 ||    10
       Distracted        |     1 |       |     1 |       ||     2
       Confused          |       |       |     4 |    31 ||    35
       Invisible         |       |       |     1 |       ||     1
       Held in net/web   |       |       |       |     2 ||     2
  Eat: Chunk             |     1 |     4 |    12 |    12 ||    29
       Ration            |       |     1 |     1 |     3 ||     5
Armor: Robe              |    26 |    33 |    44 |    38 ||   141
       Skin              |       |     4 |       |       ||     4
Dodge: Dodged            |    87 |    56 |    90 |   112 ||   345
Block: Shield            |     9 |    53 |       |       ||    62
       Large shield      |       |    18 |   314 |   406 ||   738
